[Event "Klubbmästerskap 2025 Tisdag"]
[Site "Linköping, Sweden"]
[Date "2025.02.04"]
[Round "3.1"]
[White "Carlsson, Ingvar"]
[Black "Olsson, Simon"]
[Result "1-0"]
[TimeControl "90 min + 30 sec/move"]
[WhiteElo "1996"]
[BlackElo "2075"]

1. f4 d5 2. b3 Nf6 3. Bb2 c5 4. e3 g6 5. Nf3 Bg7 6. Bb5+ Nc6 7. Bxc6+ bxc6 8. O-O Ba6 9. Re1 O-O 10.
Ne5 Qb6 11. Nc3 c4 12. Na4 Qb5 13. Bd4 Ne4 14. Nd7 Rfd8 15. Ndc5 Nxc5 16. Nxc5 cxb3 17. axb3 Bc8 18. Ra4 Bf5 19.
d3 e5 20. fxe5 Bf8 21. Na6 c5 22. Bb2 Rac8 23. Qa1 c4 24. bxc4 dxc4 25. e4 c3 26. Bc1 Qxe5 27. Bg5 Re8 28.
Be3 Bd7 29. Ra5 Qe6 30. Nc5 Bxc5 31. Rxc5 a6 32. Rxc3 Rxc3 33. Qxc3 Rc8 34. Qb2 Qc6 35. Bh6 Qc3 36. Qxc3 Rxc3 37.
Rb1 Bb5 38. Rb2 f6 39. Bd2 Ra3 40. Kf2 Kf7 41. Ke2 Ke6 42. c4 Bc6 43. Ke3 Kd7 44. Bb4 Ra1 45. Bc3 Rh1 46. g3 Rf1 47.
d4 Rc1 48. Kd3 Bxe4+ 49. Kxe4 Rxc3 50. Kd5 Kc7 51. c5 f5 52. Re2 Kd7 53. Ra2 a5 54. Rxa5 Rc2 55. Ra7+ 1-0

[Event "Klubbmästerskap 2025 Tisdag"]
[Site "Linköping, Sweden"]
[Date "2025.02.04"]
[Round "3.2"]
[White "Malm, Simon 1995"]
[Black "Rogoz, Vladyslav"]
[Result "1-0"]
[TimeControl "90 min + 30 sec/move"]
[WhiteElo "1976"]
[BlackElo "2099"]

1. d4 Nf6 2. c4 e6 3. Nf3 Bb4+ 4. Bd2 Qe7 5. a3 Bxd2+ 6. Qxd2 O-O 7. Nc3 d6 8. g3 c6 9. Bg2 Re8 10.
O-O Nbd7 11. e4 e5 12. b4 a5 13. bxa5 Qd8 14. d5 Nc5 15. Qc2 cxd5 16. cxd5 Qxa5 17. Nd2 Bd7 18. Rfb1 Rec8 19.
Nc4 Qc7 20. Nb6 Na4 21. Nxa8 Rxa8 22. Rb3 Rc8 23. Rc1 Qc4 24. Qd1 Nxc3 25. Rbxc3 Qxc3 26. Rxc3 Rxc3 27. Qa1 Rc4 28. f3 Ba4 29.
Qb2 b5 30. Bf1 Rc5 31. Bd3 Nd7 32. Qd2 Kf8 33. h4 h6 34. g4 Ke7 35. Kg2 Rc8 36. Qa5 Rb8 37. Qc7 b4 38. Qa5 Nb6 39.
Qa7+ Nd7 40. Qxa4 Nc5 41. Qc6 bxa3 42. Bb5 Rb7 43. g5 hxg5 44. hxg5 Rd7 45. Qa8 Rd8 46. Qa7+ Nd7 47. Qxa3 Rc8 48.
Qa7 Rd8 49. Qc7 f6 50. g6 f5 51. exf5 Ra8 52. Qxd7+ Kf6 53. Qxd6+ Kg5 54. Kg3 Ra1 55. Qe7+ Kxf5 56. Bd3+ 1-0

[Event "Klubbmästerskap 2025 Tisdag"]
[Site "Linköping, Sweden"]
[Date "2025.02.04"]
[Round "3.3"]
[White "Andersson, Mats 1960"]
[Black "Rosenbecker, Daniel"]
[Result "1/2-1/2"]
[TimeControl "90 min + 30 sec/move"]
[WhiteTitle "FM"]
[BlackTitle "CM"]
[WhiteElo "2263"]
[BlackElo "2110"]

1. d4 d5 2. Nf3 Nf6 3. c4 c6 4. e3 e6 5. Nbd2 Nbd7 6. b3 Bb4 7. a3 Bc3 8. Rb1 Ne4 9. Bd3 f5 10.
O-O Ba5 11. Qc2 O-O 12. b4 Bc7 13. Rd1 Ndf6 14. Ne5 Bxe5 15. dxe5 Ng4 16. Bxe4 fxe4 17. Nxe4 Qh4 18. h3 Nxe5 19.
Nd6 Nxc4 20. Rd4 Qe7 21. Nxc4 e5 22. Nxe5 Qxe5 23. Qe2 Bf5 24. Bb2 Be4 25. Rf1 Qg5 26. f3 Bf5 27. Kh2 Rae8 28.
Re1 h5 29. Qf2 Qh6 30. h4 Bc8 31. Bc3 Rf7 32. Bd2 Re4 33. Bc3 Qd6+ 34. Qg3 Qxg3+ 35. Kxg3 1/2-1/2

[Event "Klubbmästerskap 2025 Tisdag"]
[Site "Linköping, Sweden"]
[Date "2025.02.04"]
[Round "3.4"]
[White "Thyberg, André"]
[Black "Pavlic, Oliver"]
[Result "1-0"]
[TimeControl "90 min + 30 sec/move"]
[WhiteElo "1961"]
[BlackElo "1950"]

1. e4 e6 2. d3 d5 3. Nd2 Nf6 4. Ngf3 Nc6 5. c3 a5 6. e5 Nd7 7. d4 f6 8. Bb5 fxe5 9. dxe5 Be7 10.
O-O O-O 11. Re1 Nb6 12. Nb3 Bd7 13. Bd3 a4 14. Nbd4 Nxd4 15. Nxd4 Qe8 16. Qg4 Qf7 17. Nf3 c5 18. Bg5 Rae8 19.
Bxe7 Qxe7 20. Ng5 g6 21. h4 Qg7 22. h5 h6 23. Bxg6 hxg5 24. Qxg5 Rf5 25. Qg4 Kf8 26. Re3 Nc4 27.
h6 Qxh6 28. Rh3 Qg7 29. Rh7 Qxh7 30. Bxh7 Rxe5 31. b3 axb3 32. axb3 Nb6 33. Qf4+ 1-0

[Event "Klubbmästerskap 2025 Tisdag"]
[Site "Linköping, Sweden"]
[Date "2025.02.04"]
[Round "3.5"]
[White "Modéer, Björn"]
[Black "Jakobsson, Leif"]
[Result "1-0"]
[TimeControl "90 min + 30 sec/move"]
[WhiteElo "1700"]
[BlackElo "1714"]

1. d4 Nf6 2. Bf4 e6 3. e3 d5 4. Nd2 c5 5. c3 b6 6. Ngf3 Ba6 7. Bxa6 Nxa6 8. Qa4+ Nd7 9. Qxa6 cxd4 10.
exd4 Be7 11. Ne5 Nxe5 12. Bxe5 O-O 13. O-O f6 14. Bg3 g5 15. Qe2 Qd7 16. Rae1 Kf7 17. f4 f5 18. Nf3 Kg8 19.
Qxe6+ Qxe6 20. Rxe6 gxf4 21. Bxf4 Bf6 22. Rfe1 Kf7 23. Bg5 Kg6 24. Bxf6 Rxf6 25. Rxf6+ Kxf6 26. Re5 Rd8 27. Nh4 f4 28.
Rf5+ Ke6 29. Rxf4 a5 30. Nf5 b5 31. Ne3 b4 32. Rh4 bxc3 33. bxc3 Rc8 34. Rh6+ 1-0

[Event "Klubbmästerskap 2025 Tisdag"]
[Site "Linköping, Sweden"]
[Date "2025.02.04"]
[Round "3.6"]
[White "Andersson, Albin"]
[Black "Larsson, Elin"]
[Result "1/2-1/2"]
[TimeControl "90 min + 30 sec/move"]
[WhiteElo "1614"]
[BlackElo "1666"]

1. e4 c5 2. Nf3 Nc6 3. g3 d5 4. exd5 Qxd5 5. Nc3 Qe6+ 6. Ne2 Qe4 7. Bg2 Nd4 8. Nfxd4 Qxg2 9. Rg1 Qxh2 10.
Nf3 Qh5 11. Nf4 Qf5 12. d3 Nf6 13. Qe2 b6 14. Bd2 Bb7 15. g4 Qc8 16. g5 Nd5 17. O-O-O Nxf4 18. Bxf4 g6 19. Rg3 Bg7 20.
Re1 Qd7 21. Ne5 Qd4 22. Rg4 e6 23. Bg3 Qd5 24. Kb1 O-O 25. Rh4 f6 26. gxf6 Bxf6 27. Rh2 Rae8 28. Qg4 Bxe5 29. Bxe5 Qf3 30.
Qh4 Rf7 31. Qa4 Ref8 32. Qc4 Bd5 33. Qh4 Qf5 34. Bc3 Qf4 35. Qh3 Qf3 36. Qh4 Qf4 37. Qh3 Qf3 38. Qh4 Qf4 1/2-1/2

[Event "Klubbmästerskap 2025 Tisdag"]
[Site "Linköping, Sweden"]
[Date "2025.02.04"]
[Round "3.7"]
[White "Nagy, Mate 2009"]
[Black "Pettersson, Börje"]
[Result "0-1"]
[TimeControl "90 min + 30 sec/move"]
[WhiteElo "1917"]
[BlackElo "1906"]

1. e4 c5 2. Nf3 Nc6 3. Bb5 g6 4. c3 Bg7 5. O-O Nf6 6. Re1 O-O 7. h3 d6 8. d3 Bd7 9. Be3 a6 10.
Ba4 c4 11. Bc2 cxd3 12. Qxd3 Rc8 13. Nbd2 Qc7 14. Rac1 b5 15. Bb1 Rfd8 16. c4 Ne5 17. Nxe5 dxe5 18. Qa3 Qd6 19. c5 Qc6 20.
Qc3 Nh5 21. Nb3 Nf4 22. Bxf4 exf4 23. e5 Qd5 24. Be4 Qc4 25. Qf3 Qa4 26. c6 Be6 27. c7 Rd7 28. Bb7 Rcxc7 29. Nc5 Rxc5 30.
Rxc5 Rd2 31. Qc3 Qd4 32. Qxd4 Rxd4 33. Bxa6 b4 34. b3 Bf5 35. Rc4 Rd2 36. Rxb4 Rxa2 37. Rb8+ Bf8 38. Bc4 e6 39.
Rd1 Kg7 40. b4 Rb2 41. b5 Bc5 42. Rbd8 Bxf2+ 43. Kh1 Be3 44. Bd3 Bxd3 45. R8xd3 Rxb5 46. Rd7 Rxe5 47. Rb7 g5 48. Rdd7 Rf5 49.
Re7 Kg6 50. Red7 h5 51. Rb8 Rf6 52. Rg8+ Kh7 53. Rxg5 f3 54. Rxh5+ Kg6 55. Re5 f2 56. Rxe3 f1=Q+ 57. Kh2 Qf4+ 58.
Rg3+ Kh5 59. Rd8 Rh6 60. Rdg8 e5 61. R8g4 Qf6 62. h4 Rg6 0-1

[Event "Klubbmästerskap 2025 Tisdag"]
[Site "Linköping, Sweden"]
[Date "2025.02.04"]
[Round "3.8"]
[White "Andersson, Fredrik 1969"]
[Black "Ivarsson, Simon"]
[Result "1/2-1/2"]
[TimeControl "90 min + 30 sec/move"]
[WhiteElo "1746"]
[BlackElo "1771"]

1. d4 Nf6 2. Nc3 d5 3. Bf4 a6 4. e3 e6 5. Nf3 c5 6. dxc5 Bxc5 7. Bd3 Nc6 8. O-O O-O 9. a3 Bd6 10.
Bxd6 Qxd6 11. e4 d4 12. Ne2 e5 13. h3 b5 14. c3 Bb7 15. cxd4 Nd7 16. d5 Ne7 17. Nd2 f5 18. f3 Nc5 19.
Bc2 Rac8 20. b4 fxe4 21. Nxe4 Nxe4 22. fxe4 Rxf1+ 23. Kxf1 Qb6 24. Ng1 Ng6 25. Bb3 Qd6 26. Qg4 Rf8+ 27.
Nf3 Bc8 28. Qg3 Nf4 29. Rc1 1/2-1/2

[Event "Klubbmästerskap 2025 Tisdag"]
[Site "Linköping, Sweden"]
[Date "2025.02.04"]
[Round "3.9"]
[White "Gustavsson, Rolf"]
[Black "Martinelle, Christoffer"]
[Result "0-1"]
[TimeControl "90 min + 30 sec/move"]
[WhiteElo "1695"]
[BlackElo "1765"]

1. d4 e6 2. Bf4 d5 3. e3 c5 4. c3 Nc6 5. Nf3 Qb6 6.
Qc2 Nf6 7. Nbd2 Be7 8. h3 O-O 9. Be2 Bd7 10. O-O Rfc8 11. Nb3 c4 12. Nbd2 Qd8 13. Ne5 a5 14. Nxd7 Qxd7 15. e4 b5 16.
e5 Ne8 17. a3 b4 18. axb4 axb4 19. Nf3 b3 20. Qb1 Qb7 21. Bg5 Rxa1 22. Qxa1 Ra8 23. Qxa8 Qxa8 24. Bxe7 Nxe7 25. Rb1 Qa2 26.
Nd2 Nc8 27. Bd1 Nb6 28. Kf1 Na4 29. Ke2 Nxb2 30. Bxb3 cxb3 31. Rc1 Nc4 32. Rd1 Nxd2 33. Rxd2 b2 0-1

[Event "Klubbmästerskap 2025 Tisdag"]
[Site "Linköping, Sweden"]
[Date "2025.02.04"]
[Round "3.10"]
[White "Larsson, Emma 2008"]
[Black "Tonkin, Archie"]
[Result "1-0"]
[TimeControl "90 min + 30 sec/move"]
[WhiteElo "1754"]
[BlackElo "1657"]

1. e4 c6 2. d4 d5 3. e5 e6 4. f4 Ne7 5. Nf3 h6 6. Bd3 g6 7. b3 Nf5 8. c3 Nd7 9. O-O Be7 10.
Qe1 a6 11. Ba3 Nf8 12. Bxe7 Qxe7 13. Nbd2 Bd7 14. c4 Nh7 15. Kh1 h5 16. Bxf5 exf5 17. cxd5 cxd5 18. Rc1 Rc8 19. Rxc8+ Bxc8 20.
Nb1 O-O 21. Qa5 Be6 22. Nc3 Qd7 23. Na4 Qc6 24. Qd2 Rc8 25. Nc5 b6 26. Na4 Qb5 27. Rc1 Rxc1+ 28. Qxc1 Kg7 29. h3 Nf8 30.
Kg1 Nd7 31. Qd1 Qc6 32. Qd2 b5 33. Nc3 b4 34. Na4 a5 35. Ne1 Nb6 36. Nc5 Nd7 37. Ned3 Nxc5 38. Nxc5 Qb5 39. Kf2 Bd7 40. Qe3 Be6 41.
Qg3 Qe8 42. Qd3 Qc6 43. Qg3 Bc8 44.
Qd3 Qb6 45. Qe2 Be6 46. Qa6 Qxa6 47. Nxa6 f6 48. Nc5 Bc8 49. Ke3 fxe5 50. dxe5 Kf7 51. Kd4 Be6 52. Nxe6 Kxe6 53. g3 h4 54.
gxh4 1-0

[Event "Klubbmästerskap 2025 Tisdag"]
[Site "Linköping, Sweden"]
[Date "2025.02.04"]
[Round "3.11"]
[White "Leijon, Noah"]
[Black "Ahlström, Per"]
[Result "1-0"]
[TimeControl "90 min + 30 sec/move"]
[WhiteElo "1803"]
[BlackElo "1820"]

1. e4 g6 2. d4 Bg7 3. f4 d6 4. Nf3 c6 5. Be3 Nf6 6. Bd3 d5 7. e5 Ng4 8. Bd2 b5 9. Nc3 h5 10.
Ng5 e6 11. h3 Nh6 12. g4 hxg4 13. hxg4 Qe7 14. Qf3 a6 15. Ne2 c5 16. dxc5 Nc6 17. b4 Bb7 18. c3 Kd7 19. Nd4 Nxg4 20.
O-O-O Rxh1 21. Rxh1 Nxd4 22. cxd4 Nh6 23. Be1 f6 24. exf6 Qxf6 25. Bf2 Rf8 26. Be3 Qxg5 27. fxg5 Rxf3 28.
gxh6 Bxh6 29. Rxh6 Rxe3 30. Rh7+ Kc6 31. Bxg6 1-0

[Event "Klubbmästerskap 2025 Tisdag"]
[Site "Linköping, Sweden"]
[Date "2025.02.04"]
[Round "3.14"]
[White "Karlsson, Andreas 1984"]
[Black "Lantz, Lars-Göran"]
[Result "1-0"]
[TimeControl "90 min + 30 sec/move"]
[WhiteElo "1565"]
[BlackElo "1500"]

1. d4 d5 2. c4 e6 3. g3 c6 4. cxd5 exd5 5. Bg2 Be6 6. Bf4 Bd6 7. Bd2 Qb6 8. Qb3 Qxb3 9. axb3 Nf6 10.
Nc3 O-O 11. e4 dxe4 12. Nge2 Bd5 13. Nxd5 cxd5 14. O-O Nc6 15.
f3 Rfe8 16. fxe4 Nxe4 17. Bf4 Bxf4 18. Nxf4 Rad8 19. Rfd1 a6 20. Ra4 a5 21. Bf1 Nf6 22. Bb5 Rd6 23. Nd3 b6 24. Ne5 Ree6 25.
Nxc6 Rxc6 26. Bxc6 Rxc6 27. b4 g6 28. bxa5 bxa5 29. Rxa5 Rb6 30. Rd2 Kg7 31. Kg2 Rb3 32. Ra3 Rb5 33. b3 Ne4 34. Rb2 Rb4 35. Ra4 Rxa4 36.
bxa4 Nc3 37. a5 1-0

[Event "Klubbmästerskap 2025 Tisdag"]
[Site "Linköping, Sweden"]
[Date "2025.02.04"]
[Round "3.15"]
[White "Svensson, Torgil"]
[Black "Giertz, Olov"]
[Result "1-0"]
[TimeControl "90 min + 30 sec/move"]
[WhiteElo "1547"]
[BlackElo "1585"]

1. e4 e5 2. Bc4 Nf6 3. d3 d5 4. exd5 Nxd5 5. Nf3 f6 6. O-O c6 7. h3 b5 8. Bb3 Bb4 9. c3 Bc5 10.
d4 exd4 11. Re1+ Ne7 12. cxd4 Bb4 13.
Bd2 Bxd2 14. Qxd2 Kf8 15. Nc3 Qd6 16. Ne4 Qd7 17. Nxf6 gxf6 18. Qh6+ Ke8 19. Qxf6 Kd8 20. Qxh8+ Qe8
21. Qxh7 a5 22. a4 Na6 23. d5 Nc5 24. d6 Nxb3 25. dxe7+ Kd7 26. Rad1+ Kc7 27.
Rd8 Bf5 28. Rxe8 Bxh7 29. Rxa8 Bg6 30. Ne5 Nc5 31. Nxg6 1-0